 Dungeon Crawl Stone Soup version bcrawl-1.21.3 (webtiles) character file.

Game seed: 10093544488986358720

35 lemonriz the Cudgeler (level 3, -5/29 HPs)
             Began as an Oni Skald on Mar 22, 2020.
             Slain by a worm (7 damage)
             ... on level 2 of the Dungeon.
             The game lasted 00:01:55 (1303 turns).

lemonriz the Cudgeler (Oni Skald)                   Turns: 1303, Time: 00:01:55

Health: -5/29      AC:  4    Str: 15    XL:     3   Next: 33%
Magic:  4/7        EV: 11    Int: 14    God:
Gold:   84         SH:  0    Dex: 10    Spells: 4/5 levels left

rFire    . . .     SeeInvis .   a - +0 mace
rCold    . . .     Gourm    +   (no shield)
rNeg     . . .     Faith    .   b - +0 leather armour
rPois    .         Spirit   .   (helmet restricted)
rElec    .         Reflect  .   l - +0 cloak
rCorr    .         Harm     .   (no gloves)
MR       .....                  (no boots)
Stlth    +.........             g - amulet of the gourmand
HPRegen  0.09/turn              (no ring)
MPRegen  0.10/turn              (no ring)

@: infused (expiring)
A: oni magic, claws 1, fangs 1, horns 1
a: no special abilities


You were on level 2 of the Dungeon.
You were very full.

You visited 1 branch of the dungeon, and saw 2 of its levels.

You collected 84 gold pieces.

Inventory:

Hand Weapons
 a - a +0 mace (weapon)
Armour
 b - a +0 leather armour (worn)
 l - a +0 cloak (worn)
Jewellery
 g - an amulet of the gourmand (around neck)
Scrolls
 c - a scroll of remove curse {unknown}
 d - a scroll of fear
 f - a scroll of amnesia {unknown}
 h - a scroll of fog {unknown}
 i - 2 scrolls of magic mapping {unknown}
 k - a scroll of identify {unknown}
 m - 2 scrolls of blinking {unknown}
Potions
 j - a potion of might {unknown}
 n - a potion of lignification {unknown}
Comestibles
 e - 3 rations {!d}


   Skills:
 - Level 2.0 Fighting
 * Level 3.5 Maces & Flails
 - Level 0.8 Armour
 - Level 1.7 Dodging
 + Level 1.8 Spellcasting
   Level 1.8 Conjurations
   Level 1.8 Hexes
   Level 1.8 Charms
   Level 1.8 Summonings
   Level 1.8 Necromancy
   Level 1.8 Translocations
   Level 1.8 Transmutations
   Level 1.8 Fire Magic
   Level 1.8 Ice Magic
   Level 1.8 Air Magic
   Level 1.8 Earth Magic
   Level 1.8 Poison Magic


You had 4 spell levels left.
You knew the following spells:

 Your Spells              Type           Power        Failure   Level  Hunger
a - Infusion              Chrm           #.......     13%         1    ##.....

Your spell library contained the following spells:

 Spells                   Type           Power        Failure   Level  Hunger
 Magic Dart               Conj           #...         13%         1    ##.....
 Song of Slaying          Chrm           #.......     19%         2    ###....
 Ozocubu's Armour         Chrm/Ice       #.......     38%         3    ####...
 Regeneration             Chrm/Necr      #.........   38%         3    ####...
 Spectral Weapon          Hex/Chrm       #.......     38%         3    ####...


Dungeon Overview and Level Annotations

Branches:
Dungeon (2/12)

Altars:


Innate Abilities, Weirdness & Mutations

You learn spells by gaining experience, not through books or religion.
You only train spellcasting to practice magic.
You have sharp fingernails.
You have very sharp teeth.
You have a pair of small horns on your head.


Message History

The worm barely misses you.
Items here: ( )))) a +0 club; a +0 hunting sling; a +0 club; a +0 hunting sling; 294 stones You hit the worm.
Your bite misses the worm.
The worm is moderately wounded.
The worm bites you.
You hit the worm. You bite the worm.
The worm is heavily wounded.
Your magical infusion is running out.
You hit the worm.
The worm is almost dead.
The worm bites you.
You barely miss the worm.
The worm is almost dead.
The worm bites you!
* * * LOW HITPOINT WARNING * * *
You hit the worm.
The worm is almost dead.
The worm bites you!
You die...

#.
##########.#
#w@†......#
#.######..##
#...........
#<#.........
###wKr≈.....
#.g..≈....
#≈≈≈.g≈..≈≈
#≈≈≈..≈..≈..
#≈≈...≈.⌠≈..


You could see a worm.

Vanquished Creatures
  A dart slug (D:1)
  3 leopard geckos (D:1)
  A giant cockroach (D:1)
  5 goblins
  4 hobgoblins (D:1)
  5 kobolds
  2 bats (D:1)
  2 frilled lizards
  4 rats
27 creatures vanquished.

Notes
Turn   | Place    | Note
-------+----------+-------------------------------------------
     0 | D:1      | lemonriz the Oni Skald began the quest for the Orb.
     0 | D:1      | Reached XP level 1. HP: 17/17 MP: 4/4
   510 | D:1      | Reached XP level 2. HP: 19/24 MP: 6/6
   668 | D:1      | Reached skill level 3 in Maces & Flails
   768 | D:1      | Reached XP level 3. HP: 25/29 MP: 7/7
  1303 | D:2      | Slain by a worm

Skill      XL: |  1  2 |
---------------+-------+-----
Maces & Flails | 3 |  3.5
Fighting       | |  2.0
Armour         | |  0.8
Dodging        | |  1.7
Spellcasting   | |  1.8
Conjurations   | |  1.8
Hexes          | |  1.8
Charms         | |  1.8
Summonings     | |  1.8
Necromancy     | |  1.8
Translocations | |  1.8
Transmutations | |  1.8
Fire Magic     | |  1.8
Ice Magic      | |  1.8
Air Magic      | |  1.8
Earth Magic    | |  1.8
Poison Magic   | |  1.8

Action                   || total
-------------------------++-------
Melee: Mace              ||    70
       Headbutt          ||     9
       Bite              ||     5
 Cast: Infusion          ||     1
  Eat: Chunk             ||    11
Armor: Leather armour    ||    26
Dodge: Dodged            ||    42
